 Dungeon Crawl Stone Soup version 0.26-a0-835-g8259106e14 (webtiles) character file.

Game seed: 16816258058259021401

63 SolusNox the Skirmisher (level 3, -5/49 HPs)
             Began as a Minotaur Berserker on Nov 18, 2020.
             Was a Believer of Trog.
             Slain by an ogre
             ... wielding a +0 giant club
              (16 damage)
             ... on level 3 of the Dungeon.
             The game lasted 00:02:10 (1976 turns).

SolusNox the Skirmisher (Minotaur Berserker)        Turns: 1976, Time: 00:02:11

Health: -5/49      AC: 21    Str: 22    XL:     3   Next: 87%
Magic:  2/2        EV:  2    Int:  4    God:    Trog [**....]
Gold:   188        SH:  0    Dex:  9    Spells: 2/2 levels left

rFire    . . .     SeeInvis .   a - +0 hand axe
rCold    . . .     Faith    .   (no shield)
rNeg     + + +     Spirit   .   (armour currently unavailable)
rPois    +         Reflect  .   (helmet currently unavailable)
rElec    .         Harm     .   (cloak currently unavailable)
rCorr    .         Rampage  .   (gloves currently unavailable)
MR       .....     NoTele   +   (boots currently unavailable)
Stlth    +.........             (no amulet)
HPRegen  0.16/turn              (no ring)
MPRegen  0.08/turn              (no ring)

@: tree-form
A: (retaliatory headbutt)
a: Berserk, Trog's Hand, Renounce Religion


You were on level 3 of the Dungeon.
You worshipped Trog.
Trog was pleased with you.
You were a tree.
You visited 1 branch of the dungeon, and saw 3 of its levels.

You collected 188 gold pieces.

Inventory:

Hand Weapons
 a - a +0 hand axe (weapon)
Armour
 m - a +0 chain mail (melded)
   (You found it on level 2 of the Dungeon)
Wands
 k - a wand of iceblast (10)
   (You found it on level 2 of the Dungeon)
Scrolls
 c - 2 scrolls of fog
 e - a scroll of teleportation
 g - a scroll of enchant armour {unknown}
 h - a scroll of identify
 i - a scroll of random uselessness {unknown}
 o - a scroll of enchant weapon {unknown}
Potions
 d - a potion of resistance {unknown}
 f - a potion of attraction {unknown}
 j - a potion of haste {unknown}
 l - a potion of brilliance {unknown}
 n - a potion of curing {unknown}


   Skills:
 + Level 4.2 Fighting
 + Level 4.2 Axes
 + Level 3.3 Armour
 + Level 3.1 Dodging


You had 2 spell levels left.
You didn't know any spells.
Your spell library was empty.

Dungeon Overview and Level Annotations

Branches:
Dungeon (3/15)

Altars:


Innate Abilities, Weirdness & Mutations

((You reflexively headbutt those who attack you in melee.))
((You have a pair of horns on your head.))


Message History

a cursed -3 hunting sling; a +0 dagger; 9 stones No target in view!
Health restored: 33
There is a stone staircase leading down here.
A goblin comes into view.
The goblin shouts!
You see here a chain mail.
A goblin is nearby!
A goblin is nearby!
A goblin is nearby!
The goblin hits you but does no damage.
A goblin is nearby!
You hit the goblin.
You kill the goblin!
Trog accepts your kill.
You see here a goblin corpse.
You now have 188 gold pieces (gained 5).
A worm comes into view.
A worm is nearby!
You see here 24 stones.
A worm is nearby!
The worm bites you.
A worm is nearby!
You hit the worm but do no damage. Your headbutt misses the worm.
The worm bites you but does no damage.
You take 4 damage, and have 29/33 hp.
A worm is nearby!
You barely miss the worm. You headbutt the worm.
A worm is nearby!
You hit the worm. The worm closely misses you.
A worm is nearby!
You hit the worm.
A worm is nearby!
You hit the worm but do no damage.
You headbutt the worm, but do no damage.
The worm bites you.
You take 3 damage, and have 27/33 hp.
A worm is nearby!
You barely miss the worm. The worm bites you but does no damage.
A worm is nearby!
You hit the worm.
You headbutt the worm, but do no damage.
A worm is nearby!
You barely miss the worm. Your headbutt misses the worm. The worm bites you.
You take 3 damage, and have 24/33 hp.
A worm is nearby!
You slash the worm!
You kill the worm!
Trog accepts your kill.
You see here a worm corpse.
Done exploring.
Health restored: 33 No target in view!
Done exploring.
No target in view!
Done exploring.
No target in view!
Done exploring.
No target in view!
Done exploring.
No target in view!
Done exploring.
Search for what [Enter for "armor", or ? for help]?
Okay, then.
Unknown command.
As you read the scroll labelled BIDOUTHR RUWUIRPHI, it crumbles to dust.
The scroll dissolves into smoke.
It was a scroll of fog.
As you read the scroll labelled XOSKEE QOHOMAI, it crumbles to dust.
It is a scroll of identify.
b - a potion of lignification
As you read the scroll labelled ZUAQI YFESASK, it crumbles to dust.
You feel strangely unstable.
It was a scroll of teleportation.
Done exploring.
Your surroundings suddenly seem different.
There is a stone staircase leading down here.
You climb downwards.
An ogre comes into view. It is wielding a +0 giant club.
The ogre shouts!
You hear a shout!
There is a stone staircase leading up here.
A kobold comes into view. It is wielding a +0 dagger.
The ogre hits you with a +0 giant club!!
Ouch! That really hurt!
* * * LOW HITPOINT WARNING * * *
You take 25 damage, and have 8/33 hp.
MASSIVE DAMAGE!!
Really quaff
b - a potion of lignification {!q}?
Really quaff the potion of lignification?
You turn into a tree.
Your +0 chain mail melds into your body.
Your roots penetrate the ground.
You now have 12/49 hp.
You slash the ogre! The ogre hits you with a +0 giant club.
* * * LOW HITPOINT WARNING * * *
You take 2 damage, and have 10/49 hp.
You slash the ogre! The ogre hits you but does no damage.
You hit the ogre. The ogre hits you but does no damage.
You barely miss the ogre. The ogre hits you but does no damage.
You hit the ogre. The ogre hits you with a +0 giant club!
You die...

###### ##....
######...#####.
.......<.......
######.♣K######
.......O##
#########


You could see an ogre and a kobold.

Vanquished Creatures
  4 worms (D:2)
  A dart slug (D:1)
  2 leopard geckos (D:2)
  11 bats
  2 giant cockroaches (D:2)
  3 hobgoblins
  6 jackals
  5 kobolds
  A frilled lizard (D:2)
  7 goblins
  3 rats (D:1)
45 creatures vanquished.

Notes
Turn   | Place    | Note
-------+----------+-------------------------------------------
     0 | D:1      | SolusNox the Minotaur Berserker began the quest for the
                  | Orb.
     0 | D:1      | Reached XP level 1. HP: 19/19 MP: 0/0
   393 | D:1      | Reached XP level 2. HP: 27/27 MP: 1/1
  1017 | D:2      | Reached skill level 4 in Axes
  1020 | D:2      | Reached skill level 4 in Fighting
  1135 | D:2      | Reached skill level 3 in Armour
  1142 | D:2      | Reached ** piety under Trog
  1143 | D:2      | Reached XP level 3. HP: 30/33 MP: 2/2
  1369 | D:2      | Reached skill level 3 in Dodging
  1969 | D:3      | Noticed an ogre
  1970 | D:3      | HP: 8/33 [ogre/+0 giant club (25)]
  1976 | D:3      | Slain by an ogre

Illustrated notes

Levels and vault maps discovered:
D:1:      eino_arrival_water_star, layout_basic, chequers_serial_rivers_marsh,
          minmay_pentomino_t2
D:2:      layout_loops_ring, minmay_fountain_box
D:3:      minmay_chambers_of_twos, layout_loops_ring,
          chequers_serial_rivers_large_a, kennysheep_another_room,
          lemuel_altar_in_water2

Skill      XL: |  1  2  3 |
---------------+----------+-----
Axes           | 4 |  4.2
Fighting       | 4 |  4.2
Armour         | 3 |  3.3
Dodging        | 3 |  3.1

Action                   || total
-------------------------++-------
Melee: Hand axe          ||   105
       Headbutt          ||    11
  Use: Scroll            ||     3
       Potion            ||     1
Armor: Animal skin       ||    18
       Chain mail        ||    20
       Skin              ||     3
Dodge: Dodged            ||    62

Table legend: (Time is in decaauts)
 A = Elapsed time spent in this place.
 B = Non-inter-level travel time spent in this place.
 C = Inter-level travel time spent in this place.
 D = Time resting spent in this place.
 E = Time spent auto-exploring this place.
 F = Levels seen in this place.
 G = Mean time per level.
                   A        B        C        D        E       F      G
               +--------+--------+--------+--------+--------+-----+--------+
         Total |   1990 |   1955 |     35 |      0 |   1669 |   3 |  663.3 |
       Dungeon |   1990 |   1955 |     35 |      0 |   1669 |   3 |  663.3 |
               +--------+--------+--------+--------+--------+-----+--------+

Top non-repeatable levels by time:
     D:2: 1020 daAuts
     D:1: 962 daAuts
     D:3: 7 daAuts

Table legend:
 A = Kills in this place as a percentage of kills in entire the game.
 B = Kills by you in this place as a percentage of kills by you in the entire game.
 C = Kills by friends in this place as a percentage of kills by friends in the entire game.
 D = Other kills in this place as a percentage of other kills in the entire game.
 E = Experience gained in this place as a percentage of experience gained in the entire game.
 F = Experience gained in this place divided by the number of levels of this place that you have seen.
                   A       B       C       D       E      F
               +-------+-------+-------+-------+-------+----------------------
         Total | 100.0 | 100.0 |   N/A |   N/A | 100.0 |  30.0
       Dungeon | 100.0 | 100.0 |   N/A |   N/A | 100.0 |  30.0
               +-------+-------+-------+-------+-------+----------------------
